 Dungeon Crawl Stone Soup version 0.28.0-45-g0d030f2227 (webtiles) character file.

Game seed: 2998782935487761200

5483 Ablot the Slicer (level 10, -5/90 HPs)
             Began as a Gnoll Chaos Knight on Apr 22, 2022.
             Was a Plaything of Xom.
             Slain by a five-headed hydra (13 damage)
             ... on level 10 of the Dungeon.
             The game lasted 00:17:49 (8850 turns).

Ablot the Slicer (Gnoll Chaos Knight)               Turns: 8850, Time: 00:17:50

Health: -5/90      AC: 10    Str: 18    XL:     10   Next: 69%
Magic:  18/18      EV: 12    Int: 18    God:    Xom [.....*]
Gold:   538        SH: 17    Dex: 15    Spells: 13/20 levels left

rFire   + . .      SeeInvis .   a - +5 short sword (chaos)
rCold   + + .      Faith    .   V - +1 kite shield {reflect}
rNeg    . . .      Spirit   .   j - +0 acid dragon scales
rPois   +          Reflect  +   (helmet unavailable)
rElec   .          Harm     .   y - +1 cloak
rCorr   +          Rampage  .   (no gloves)
Will    .....                   (no boots)
Stlth   +++.......              n - amulet of the acrobat
HPRegen 0.25/turn               C - ring of flight
MPRegen 0.16/turn               T - ring of protection from cold

@: flying
A: fangs 1, strong nose, distributed training, horns 3, large bone plates 2,
agile 2, clever 2, cold resistance 1, fire resistance 1, poison resistance,
robust 1, strong 2, MP-powered wands
a: Renounce Religion


You were on level 10 of the Dungeon.
You worshipped Xom.
You were Xom's teddy bear.
You visited 1 branch of the dungeon, and saw 10 of its levels.
You also visited: Sewer.

You collected 745 gold pieces.
You spent 207 gold pieces at shops.

Inventory:

Hand Weapons
 a - a +5 short sword of chaos (weapon)
 q - a +2 short sword of venom
 x - a +2 quarterstaff of chaos
 I - a +3 rapier
 O - a +4 scimitar of freezing
Missiles
 e - 74 stones
 o - 65 bolts
 z - 314 arrows
 A - 85 sling bullets
 B - 2 curare-tipped darts
 E - 2 boomerangs of dispersal
 J - 13 poisoned darts (quivered)
 L - 4 throwing nets
 R - 2 boomerangs
Armour
 d - a +0 buckler
 j - +0 acid dragon scales (worn)
 v - a +2 robe of the Archmagi
 y - a +1 cloak (worn)
 M - a +1 hat
 Q - +0 swamp dragon scales
 V - a +1 kite shield of reflection (worn)
Jewellery
 n - an amulet of the acrobat (around neck)
 C - a ring of flight (left hand)
 T - a ring of protection from cold (right hand)
Wands
 m - a wand of iceblast (7)
 w - a wand of digging (7)
 P - a wand of charming (8)
 X - a wand of acid (4)
Scrolls
 b - 2 scrolls of magic mapping
 f - 2 scrolls of immolation {unknown}
 h - 5 scrolls of teleportation
 i - 2 scrolls of vulnerability
 r - 3 scrolls of blinking {unknown}
 t - 3 scrolls of fog {unknown}
 F - 2 scrolls of amnesia {unknown}
 K - a scroll of silence {unknown}
 N - a scroll of fear {unknown}
 S - a scroll of holy word {unknown}
 U - a scroll of enchant armour {unknown}
Potions
 c - 2 potions of might
 g - a potion of attraction {unknown}
 k - 3 potions of haste
 l - 2 potions of berserk rage {unknown}
 p - 5 potions of curing
 s - 4 potions of heal wounds
 u - 2 potions of invisibility
 D - 4 potions of lignification
 G - a potion of mutation {unknown}
 H - a potion of cancellation {unknown}
 W - 2 potions of ambrosia {unknown}
 Y - a potion of degeneration {unknown}


   Skills:
 + Level 8.6 Fighting
 + Level 8.6 Short Blades
 + Level 5.5 Long Blades
 + Level 5.5 Axes
 + Level 5.5 Maces & Flails
 + Level 5.5 Polearms
 + Level 5.5 Staves
 + Level 5.5 Slings
 + Level 5.5 Bows
 + Level 5.5 Crossbows
 + Level 5.5 Throwing
 + Level 7.2 Armour
 + Level 6.1 Dodging
 + Level 5.5 Stealth
 + Level 5.5 Shields
 + Level 5.5 Unarmed Combat
 + Level 5.5 Spellcasting
 + Level 4.5 Conjurations
 + Level 4.5 Hexes
 + Level 4.5 Summonings
 + Level 4.5 Necromancy
 + Level 4.5 Translocations
 + Level 4.5 Transmutations
 + Level 4.5 Fire Magic
 + Level 4.5 Ice Magic
 + Level 4.5 Air Magic
 + Level 4.5 Earth Magic
 + Level 4.5 Poison Magic
 + Level 6.0 Invocations
 + Level 5.5 Evocations


You had 13 spell levels left.
You knew the following spells:

 Your Spells              Type           Power      Damage    Failure   Level
a - Sting                 Tmut/Pois      84%        1d7       7%          1
b - Poisonous Vapours     Pois/Air       42%        N/A       11%         2
c - Apportation           Tloc           42%        N/A       7%          1
d - Animate Skeleton      Necr           42%        N/A       7%          1
e - Wereblood             Tmut           21%        N/A       11%         2

Your spell library contained the following spells:

 Spells                   Type           Power      Damage    Failure   Level
 Summon Small Mammal      Summ           84%        N/A       7%          1
 Conjure Flame            Conj/Fire      21%        6-21      21%         3
 Ignite Poison            Fire/Tmut/Pois 21%        N/A       21%         3
 Olgreb's Toxic Radiance  Pois           21%        N/A       56%         4
 Sticky Flame             Conj/Fire      21%        2d4       56%         4
 Summon Ice Beast         Ice/Summ       21%        N/A       56%         4
 Eringya's Noxious Bog    Tmut/Pois      10%        N/A       100%        6
 Statue Form              Tmut/Erth      14%        N/A       100%        6


Dungeon Overview and Level Annotations

Branches:
Dungeon (10/15)            Temple (0/1) D:5             Orc (0/2) D:10
  Sewer (visited)
   Lair: D:8-11

Altars:
Ashenzari
Dithmenos
Fedhas
Gozag
Okawaru
Qazlal
Sif Muna
Trog
Wu Jian
Xom
Zin

Shops:
D:6 ?


Innate Abilities, Weirdness & Mutations

You have very sharp teeth.
Your uncanny sense of smell can sniff out nearby items.
Your experience applies equally to all skills.
You have a pair of large horns on your head.
You are mostly covered in large bone plates. (SH +6)
You are very agile. (Dex +4)
Your mind is very acute. (Int +4)
Your flesh is cold resistant. (rC+)
Your flesh is heat resistant. (rF+)
Your system is resistant to poisons. (rPois)
You are robust. (+10% HP)
Your muscles are very strong. (Str +4)
You expend magic power (3 MP) to strengthen your wands.


Message History

Your butterfly dies!
Your butterfly disappears in a puff of smoke!
Unknown command.
You puncture the five-headed hydra! You headbutt the five-headed hydra.
The five-headed hydra is lightly wounded.
You block the five-headed hydra's attack.
The five-headed hydra completely misses you.
The five-headed hydra bites you!
You block the five-headed hydra's attack.
The five-headed hydra bites you.
Unknown command.
Unknown command.
You block the five-headed hydra's attack.
The five-headed hydra barely misses you. x2
The five-headed hydra bites you!
You block the five-headed hydra's attack.
You see here a +0 leather armour.
Unknown command.
You completely miss the five-headed hydra.
The five-headed hydra is lightly wounded.
The five-headed hydra bites you!
The five-headed hydra barely misses you.
You block the five-headed hydra's attack.
The five-headed hydra bites you. The five-headed hydra bites you!
Unknown command.
You puncture the five-headed hydra!
The five-headed hydra flickers and vanishes!
Deactivating autopickup; reactivate with Ctrl-A.
The hornet closely misses your butterfly.
Unknown command.
Unknown command.
You hit something. Something bites you! x2
* * * LOW HITPOINT WARNING * * *
Something bites you.
* * * LOW HITPOINT WARNING * * *
Something bites you!
* * * LOW HITPOINT WARNING * * *
Something bites you!
You die...
Xom is highly amused!

.........#######.........
.........#######.##.#####
................##.#
.##yb≈.bb..########.#
≈≈#.bb≈≈...# #.....# ##
≈≈≈≈≈≈bb≈≈.####.########≈
≈≈≈≈≈≈≈bb≈≈.≈......###≈≈≈
.≈≈≈≈≈bb{.b≈≈≈≈≈≈≈≈†≈≈≈≈≈
##≈≈##≈#@.b≈≈≈≈≈≈≈≈≈≈≈≈≈≈
### ###>..≈≈≈≈≈≈≈≈≈≈≈≈..
#..<≈.≈≈≈≈###.≈...
#####.............
#...........[.
#.............
##########.....
#........######
#........#


You could see a hornet.

Vanquished Creatures
  Pikel (D:7)
  Prince Ribbit (D:5)
  A shadow (D:5)
  Sigmund (D:3)
  A steam dragon (D:10)
  2 acid dragons
  Duvessa (D:7)
  Pargi (Sewer)
  An orc warrior (D:6)
  An ice beast (D:5)
  A black bear (D:5)
  3 necrophages
  2 ogres
  4 centaurs
  A kobold brigand (D:7)
  A bullfrog (D:6)
  2 scorpions (D:5)
  A water moccasin zombie (D:6)
  A wyvern skeleton (D:5)
  Dowan (D:7)
  A water moccasin skeleton (D:7)
  7 wights
  2 howler monkeys
  An electric eel (D:10)
  A bullfrog zombie (D:7)
  A centaur zombie (D:9)
  2 jellies
  A hound (D:5)
  4 orc priests
  Crazy Yiuf (D:3)
  4 iguanas
  6 orc wizards
  2 killer bee zombies
  7 gnolls
  2 river rats
  5 adders
  A white imp (D:8)
  An adder skeleton (D:4)
  2 worms
  24 orcs
  7 endoplasms
  4 goblins
  12 hobgoblins
  3 jackals
  8 kobolds
  9 ball pythons
  2 bats
  2 frilled lizards (Sewer)
  5 rats
155 creatures vanquished.

Vanquished Creatures (collateral kills)
  Harold (D:7)
  Eustachio (D:5)
  Edmund (D:5)
  An orc warrior (D:7)
  An ogre (D:7)
  3 wights (D:7)
  A jelly (D:7)
  An orc priest (D:5)
  An orc wizard (D:7)
  4 orcs
  3 kobolds (D:7)
18 creatures vanquished.

Vanquished Creatures (others)
  A gnoll (D:3)
  A frilled lizard (Sewer)
2 creatures vanquished.

Grand Total: 175 creatures vanquished

Notes
Turn   | Place    | Note
-------+----------+-------------------------------------------
     0 | D:1      | Ablot the Gnoll Chaos Knight began the quest for the Orb.
     0 | D:1      | Reached XP level 1. HP: 23/23 MP: 1/1
   198 | D:1      | Reached XP level 2. HP: 17/29 MP: 2/2
   464 | D:1      | XOM: silly message
   577 | D:1      | Found a faded altar of an unknown god.
   917 | D:2      | You fall into a shaft and drop 1 floor!
   928 | D:3      | Reached XP level 3. HP: 35/35 MP: 3/3
  1174 | D:3      | XOM: give mutations
  1174 | D:3      | Gained mutation: Your flesh is heat resistant. (rF+) [Xom's
                  | grace]
  1174 | D:3      | Gained mutation: You are agile. (Dex +2) [Xom's grace]
  1174 | D:3      | Gained mutation: Your muscles are strong. (Str +2) [Xom's
                  | grace]
  1174 | D:3      | Gained mutation: You are very agile. (Dex +4) [Xom's grace]
  1192 | D:3      | Reached skill level 1 in Invocations
  1280 | D:3      | Found a glowing drain.
  1299 | D:3      | Reached skill level 1 in Long Blades
  1299 | D:3      | Reached skill level 1 in Axes
  1299 | D:3      | Reached skill level 1 in Maces & Flails
  1299 | D:3      | Reached skill level 1 in Polearms
  1299 | D:3      | Reached skill level 1 in Staves
  1299 | D:3      | Reached skill level 1 in Slings
  1299 | D:3      | Reached skill level 1 in Bows
  1299 | D:3      | Reached skill level 1 in Crossbows
  1299 | D:3      | Reached skill level 1 in Throwing
  1299 | D:3      | Reached skill level 1 in Stealth
  1299 | D:3      | Reached skill level 1 in Shields
  1299 | D:3      | Reached skill level 1 in Unarmed Combat
  1299 | D:3      | Reached skill level 1 in Spellcasting
  1299 | D:3      | Reached skill level 1 in Evocations
  1307 | Sewer    | Entered a sewer
  1395 | Sewer    | XOM: give mutations
  1395 | Sewer    | Gained mutation: Your system is resistant to poisons.
                  | (rPois) [Xom's grace]
  1395 | Sewer    | Gained mutation: Your muscles are very strong. (Str +4)
                  | [Xom's grace]
  1395 | Sewer    | Gained mutation: Your mind is acute. (Int +2) [Xom's grace]
  1395 | Sewer    | Gained mutation: You have a pair of small horns on your
                  | head. [Xom's grace]
  1437 | Sewer    | XOM: destruction
  1456 | Sewer    | Noticed Pargi
  1475 | Sewer    | Killed Pargi
  1476 | Sewer    | Reached skill level 1 in Conjurations
  1476 | Sewer    | Reached skill level 1 in Hexes
  1476 | Sewer    | Reached skill level 1 in Summonings
  1476 | Sewer    | Reached skill level 1 in Necromancy
  1476 | Sewer    | Reached skill level 1 in Translocations
  1476 | Sewer    | Reached skill level 1 in Transmutations
  1476 | Sewer    | Reached skill level 1 in Fire Magic
  1476 | Sewer    | Reached skill level 1 in Ice Magic
  1476 | Sewer    | Reached skill level 1 in Air Magic
  1476 | Sewer    | Reached skill level 1 in Earth Magic
  1476 | Sewer    | Reached skill level 1 in Poison Magic
  1476 | Sewer    | Reached XP level 4. HP: 19/41 MP: 4/6
  1476 | Sewer    | Reached XP level 5. HP: 21/47 MP: 4/7
  1767 | D:3      | Noticed Sigmund
  1778 | D:3      | Killed Sigmund
  1779 | D:3      | Reached skill level 5 in Armour
  1779 | D:3      | Reached XP level 6. HP: 53/53 MP: 7/9
  1884 | D:3      | XOM: destruction
  1952 | D:3      | Found a runed translucent door.
  1953 | D:3      | Noticed Crazy Yiuf
  1967 | D:3      | Killed Crazy Yiuf
  2039 | D:3      | Found an opulent altar of Gozag.
  2053 | D:3      | XOM: give mutations
  2053 | D:3      | Gained mutation: You are partially covered in large bone
                  | plates. (SH +4) [Xom's grace]
  2053 | D:3      | Gained mutation: You expend magic power (3 MP) to
                  | strengthen your wands. [Xom's grace]
  2053 | D:3      | Gained mutation: You have a pair of horns on your head.
                  | [Xom's grace]
  2117 | D:3      | Reached XP level 7. HP: 59/59 MP: 10/10
  2158 | D:3      | XOM: 7-stop teleportation journey
  2739 | D:2      | XOM: 2-stop teleportation journey
  2951 | D:2      | Found a blossoming altar of Fedhas.
  2970 | D:2      | XOM: draining
  3236 | D:4      | XOM: silly message
  3334 | D:4      | XOM: divination: magic mapping
  3429 | D:4      | XOM: 1-stop teleportation journey
  3453 | D:4      | Learned a level 1 spell: Sting
  3456 | D:4      | Learned a level 2 spell: Poisonous Vapours
  3597 | D:4      | Found a shimmering altar of Xom.
  3755 | D:5      | Entered Level 5 of the Dungeon
  3816 | D:5      | XOM: polymorph orc -> endoplasm
  3831 | D:5      | XOM: summons 5 friendly demons
  3907 | D:5      | XOM: summons friendly shadow imp
  3947 | D:5      | Noticed Prince Ribbit
  3960 | D:5      | Killed Prince Ribbit
  3961 | D:5      | Reached XP level 8. HP: 59/67 MP: 10/12
  4050 | D:5      | Found a glowing silver altar of Zin.
  4114 | D:5      | Found a staircase to the Ecumenical Temple.
  4230 | D:5      | Noticed a shadow
  4237 | D:5      | XOM: divination: magic mapping
  4242 | D:5      | Killed a shadow
  4381 | D:5      | Noticed Edmund
  4420 | D:5      | XOM: cast spell 'Monstrous Menagerie'
  4426 | D:5      | Killed Edmund
  4456 | D:5      | Noticed Eustachio
  4463 | D:5      | Killed Eustachio
  4464 | D:5      | Reached XP level 9. HP: 72/72 MP: 14/14
  4909 | D:6      | Found a stormy altar of Qazlal.
  4916 | D:6      | Found an ornate altar of the Wu Jian Council.
  4917 | D:6      | Found an iron altar of Okawaru.
  4919 | D:6      | Found a shadowy altar of Dithmenos.
  4919 | D:6      | Found a blossoming altar of Fedhas.
  4920 | D:6      | Found a bloodstained altar of Trog.
  4926 | D:6      | Found a shimmering blue altar of Sif Muna.
  4964 | D:6      | Found Ruhokif's Magic Scroll Shoppe.
  4969 | D:6      | Bought a scroll of enchant weapon for 97 gold pieces
  4969 | D:6      | Bought a scroll of identify for 26 gold pieces
  4969 | D:6      | Bought a scroll of teleportation for 39 gold pieces
  4978 | D:6      | XOM: confuse monster(s)
  5037 | D:6      | Bought a scroll of magic mapping for 45 gold pieces
  5346 | D:6      | Reached skill level 5 in Dodging
  5388 | D:6      | XOM: god gift: throwing net
  5410 | D:6      | XOM: give mutations
  5410 | D:6      | Gained mutation: Your mind is very acute. (Int +4) [Xom's
                  | grace]
  5410 | D:6      | Gained mutation: You have a pair of large horns on your
                  | head. [Xom's grace]
  5410 | D:6      | Gained mutation: You are mostly covered in large bone
                  | plates. (SH +6) [Xom's grace]
  5436 | D:6      | Found a broken altar of Ashenzari.
  5452 | D:6      | XOM: cloud trail
  5605 | D:6      | XOM: god gift: throwing net
  5750 | D:6      | XOM: cloud trail
  5790 | D:6      | XOM: scenery: 1 doors close
  6199 | D:7      | Noticed Pikel
  6221 | D:7      | Killed Pikel
  6222 | D:7      | Reached skill level 5 in Invocations
  6266 | D:7      | XOM: scenery: summon butterflies
  6362 | D:7      | Noticed Dowan
  6363 | D:7      | Noticed Duvessa
  6370 | D:7      | XOM: enchant monster (good)
  6373 | D:7      | Killed Duvessa
  6378 | D:7      | Killed Dowan
  6441 | D:7      | XOM: divination: detect creatures
  6447 | D:7      | Reached XP level 10. HP: 78/80 MP: 17/17
  6492 | D:7      | XOM: potion effect (brilliance)
  6518 | D:7      | Reached skill level 5 in Long Blades
  6518 | D:7      | Reached skill level 5 in Axes
  6518 | D:7      | Reached skill level 5 in Maces & Flails
  6518 | D:7      | Reached skill level 5 in Polearms
  6518 | D:7      | Reached skill level 5 in Staves
  6518 | D:7      | Reached skill level 5 in Slings
  6518 | D:7      | Reached skill level 5 in Bows
  6518 | D:7      | Reached skill level 5 in Crossbows
  6518 | D:7      | Reached skill level 5 in Throwing
  6518 | D:7      | Reached skill level 5 in Stealth
  6518 | D:7      | Reached skill level 5 in Shields
  6518 | D:7      | Reached skill level 5 in Unarmed Combat
  6518 | D:7      | Reached skill level 5 in Spellcasting
  6518 | D:7      | Reached skill level 5 in Evocations
  6633 | D:7      | Noticed Maggie
  6638 | D:7      | Noticed Maggie
  6638 | D:7      | Maggie changed into Maggie the ogre
  6638 | D:7      | XOM: polymorph Maggie -> Maggie the ogre
  6639 | D:7      | Killed Maggie the ogre
  6640 | D:7      | Noticed Harold
  6650 | D:7      | Killed Harold
  6687 | D:7      | Learned a level 1 spell: Apportation
  6689 | D:7      | Learned a level 1 spell: Animate Skeleton
  7183 | D:8      | XOM: 2-stop teleportation journey
  7271 | D:8      | XOM: 1-stop teleportation journey
  7411 | D:8      | XOM: scenery: summon butterflies
  7433 | D:8      | XOM: god gift: 13 sling bullets
  7482 | D:8      | Got Wupnug's Guide on Creative Changing
  7486 | D:8      | Learned a level 2 spell: Wereblood
  8060 | D:9      | XOM: give mutations
  8060 | D:9      | Gained mutation: You are robust. (+10% HP) [Xom's grace]
  8060 | D:9      | Gained mutation: Your flesh is cold resistant. (rC+) [Xom's
                  | grace]
  8617 | D:10     | Entered Level 10 of the Dungeon
  8638 | D:10     | XOM: polymorph electric eel -> river rat
  8706 | D:10     | XOM: summons 5 friendly demons
  8815 | D:10     | Found a staircase to the Orcish Mines.
  8825 | D:10     | Noticed a five-headed hydra
  8827 | D:10     | Noticed a rakshasa
  8833 | D:10     | XOM: destruction
  8839 | D:10     | XOM: scenery: summon butterflies
  8850 | D:10     | Slain by a five-headed hydra

Illustrated notes

Levels and vault maps discovered:
D:1:      erik_arrival_blinker_ship, layout_basic,
          dreamdust_ecumenical_altar_angels_and_demons
D:2:      layout_rooms, basic_altar, serial_bayou_ford_a, st_stairs_3,
          nrook_mini_vaults, chequers_serial_rivers_small_3
D:3:      layout_basic, nicolae_gozag_cash_rules_everything_around_me,
          portal_sewer_entry_a, uniq_sigmund, uniq_crazy_yiuf_cottage
D:4:      layout_basic, mainiacjoe_overflow_alcove_4, kennysheep_nub,
          nicolae_figureground_sparkle
D:5:      layout_loops_corners, mainiacjoe_overflow_surrounded_room,
          minmay_temple_entry_water_ring, serial_rivers,
          chequers_serial_rivers_large_b, chequers_serial_rivers_micro_c,
          chequers_serial_rivers_room_a, chequers_serial_rivers_micro_c,
          chequers_serial_rivers_small_3, uniq_prince_ribbit1, uniq_edmund,
          uniq_eustachio
D:6:      layout_basic, nicolae_overflow_hallway_of_the_gods,
          mainiacjoe_overflow_tiny_flanked, serial_shops, kennysheep_little_box
D:7:      layout_cave_pods, skrybe_limestone_x, uniq_harold, uniq_maggie,
          uniq_pikel, uniq_duvessa
D:8:      layout_cave_pools, nicolae_straight_to_the_point
D:9:      layout_long_grid
D:10:     layout_basic, nicolae_uskayaw_en_pointe, orc_0_dummy

Skill      XL: |  1  2  3  4  5  6  7  8  9 10 |
---------------+-------------------------------+-----
Invocations    | 1 2 3 4 5 6 |  6.0
Long Blades    | 1 2 3 4 5 |  5.5
Axes           | 1 2 3 4 5 |  5.5
Maces & Flails | 1 2 3 4 5 |  5.5
Polearms       | 1 2 3 4 5 |  5.5
Staves         | 1 2 3 4 5 |  5.5
Slings         | 1 2 3 4 5 |  5.5
Bows           | 1 2 3 4 5 |  5.5
Crossbows      | 1 2 3 4 5 |  5.5
Throwing       | 1 2 3 4 5 |  5.5
Stealth        | 1 2 3 4 5 |  5.5
Shields        | 1 2 3 4 5 |  5.5
Unarmed Combat | 1 2 3 4 5 |  5.5
Spellcasting   | 1 2 3 4 5 |  5.5
Evocations     | 1 2 3 4 5 |  5.5
Dodging        | 3 4 5 6 |  6.1
Conjurations   | 1 2 3 4 |  4.5
Hexes          | 1 2 3 4 |  4.5
Summonings     | 1 2 3 4 |  4.5
Necromancy     | 1 2 3 4 |  4.5
Translocations | 1 2 3 4 |  4.5
Transmutations | 1 2 3 4 |  4.5
Fire Magic     | 1 2 3 4 |  4.5
Ice Magic      | 1 2 3 4 |  4.5
Air Magic      | 1 2 3 4 |  4.5
Earth Magic    | 1 2 3 4 |  4.5
Poison Magic   | 1 2 3 4 |  4.5
Armour         | 5 6 7 |  7.2
Fighting       | 7 8 |  8.6
Short Blades   | 7 8 |  8.6

Action                   |  1- 3 |  4- 6 |  7- 9 | 10-12 || total
-------------------------+-------+-------+-------+-------++-------
Melee: Short sword       |   126 |    58 |   254 |   115 ||   553
       Punch             |     2 |     1 |     3 |     2 ||     8
       Bite              |     5 |     4 |    28 |    10 ||    47
       Headbutt          |     3 |     9 |    48 |    26 ||    86
Throw: Stone             |       |     6 |     1 |       ||     7
       Dart              |       |       |     7 |       ||     7
 Cast: Poisonous Vapours |       |       |     5 |       ||     5
Evoke: Wand              |       |       |       |     1 ||     1
  Use: Scroll            |       |       |     6 |     5 ||    11
 Stab: Paralysed         |       |     1 |     3 |       ||     4
       Sleeping          |       |       |     9 |     2 ||    11
       Distracted        |       |       |       |     1 ||     1
Armor: Leather armour    |    45 |       |       |       ||    45
       Troll leather arm |       |     3 |    45 |     2 ||    50
       Acid dragon scale |       |       |       |    17 ||    17
       Swamp dragon scal |       |       |       |     4 ||     4
Dodge: Dodged            |    78 |    21 |   109 |    38 ||   246
Block: Other             |       |     1 |    27 |     3 ||    31
       Kite shield       |       |       |       |    21 ||    21
       Buckler           |       |       |       |    20 ||    20
       Reflection        |       |       |       |     3 ||     3
